Construct Section Command Post
Construct Platoon Command Post
Selects Air and Sea Battlegroup
6-pounder Anti-tank Gun Team
Unlock Bishop Self-propelled Artillery
Bishop Self-propelled Artillery
Bishop Self-propelled Artillery
Selects Commando Section Paradrop
Selects Commando Support Section Paradrop
Bishop Self-propelled Artillery
Construct Company Command Post
Selects Incendiary Bombing Run
Selects Naval Bombardment